 Dungeon Crawl Stone Soup version 0.19-a0-599-g723c685 (webtiles) character file.

3854 st0uf the Cleaver (level 10, -2/83 HPs)
             Began as a Formicid Fighter on June 12, 2016.
             Was a Follower of Uskayaw.
             Slain by a black mamba (3 damage)
             ... on level 1 of the Lair of Beasts.
             The game lasted 00:32:54 (7508 turns).

st0uf the Cleaver (Formicid Fighter)                Turns: 7508, Time: 00:32:55

Health: -2/83      AC: 10    Str: 28    XL:     10   Next: 41%
Magic:  5/12       EV: 12    Int:  7    God:    Uskayaw [*.....]
Gold:   235        SH: 11    Dex: 10    Spells: 0 memorised, 9 levels left

rFire  . . .     SeeInvis +     a - +0 war axe
rCold  . . .     Gourm    .     A - +1 scale mail "Rokhad" {Str+3} (curse)
rNeg   . . .     Faith    .     c - +0 shield
rPois  .         Spirit   .     (helmet unavailable)
rElec  .         Dismiss  .     (no cloak)
rCorr  .         Reflect  .     l - +0 pair of gloves
SustAt .         Harm     .     (no boots)
MR     +....                    (no amulet)
Stlth  ..........               (no ring)
                                (no ring)

@: starving, somewhat resistant to hostile enchantments, extremely unstealthy
A: permanent stasis, dig shafts and tunnels, four strong arms, antennae 3,
robust 1, wild magic 1
a: Dig, Shaft Self, Stomp, Renounce Religion


You were on level 1 of the Lair of Beasts.
You worshipped Uskayaw.
Uskayaw was aware of your devotion.
You were starving.

You visited 3 branches of the dungeon, and saw 11 of its levels.

You collected 487 gold pieces.
You spent 252 gold pieces at shops.

Inventory:

Hand Weapons
 a - a +0 war axe (weapon)
 g - a +0 hunting sling
Missiles
 e - 140 stones (quivered)
 i - 63 sling bullets
 q - 14 javelins
Armour
 b - a +0 scale mail
 c - a +0 shield (worn)
 l - a +0 pair of gloves (worn)
 A - the cursed +1 scale mail "Rokhad" (worn) {Str+3}
   (You bought it in a shop on level 6 of the Dungeon)

   It affects your strength (+3).
   It has a curse placed upon it.
 B - the +1 leather armour of Sechegu {rElec rPois Regen+ Stlth+}
   (You found it on level 6 of the Dungeon)

   It insulates you from electricity.
   It protects you from poison.
   It increases your rate of regeneration.
   It makes you more stealthy.
Jewellery
 J - an uncursed amulet of the gourmand {unknown}
Wands
 z - a wand of slowing (33/48)
 G - a wand of teleportation (6/9)
 I - a wand of teleportation (4/9)
Scrolls
 h - a scroll of identify
 n - 3 scrolls of amnesia
 v - a scroll of magic mapping
 w - 2 scrolls of fog
 x - a scroll of enchant weapon {unknown}
 E - 2 scrolls of noise {unknown}
 H - a scroll of fear {unknown}
 K - a scroll of remove curse
Potions
 d - 3 potions of might
 k - 6 potions of curing
 r - 4 potions of invisibility {unknown}
 s - 3 potions of flight {unknown}
 t - a potion of agility
Books
 p - a book of Enchantments

   Spells                             Type                      Level
   a - Cause Fear                     Hexes                        4
   b - Yara's Violent Unravelling     Hexes/Transmutation          5
   c - Silence                        Hexes/Air                    5
   d - Deflect Missiles               Charms/Air                   6
   e - Haste                          Charms                       6
   f - Discord                        Hexes                        8
 y - Sif Muna's Compendium of Lightness
   (You found it on level 5 of the Dungeon)

   Spells                             Type                      Level
   a - Shock                          Conjuration/Air              1
 C - a book of Ice

   Spells                             Type                      Level
   a - Ice Form                       Ice/Transmutation            4
   b - Metabolic Englaciation         Hexes/Ice                    5
   c - Ozocubu's Refrigeration        Ice                          6
   d - Bolt of Cold                   Conjuration/Ice              6
   e - Freezing Cloud                 Conjuration/Ice/Air          6
   f - Simulacrum                     Ice/Necromancy               6
 D - a book of Air

   Spells                             Type                      Level
   a - Shock                          Conjuration/Air              1
   b - Swiftness                      Charms/Air                   2
   c - Repel Missiles                 Charms/Air                   2
   d - Static Discharge               Conjuration/Air              3
   e - Lightning Bolt                 Conjuration/Air              5
Comestibles
 f - 6 bread rations
 j - 5 meat rations
 m - a royal jelly
 o - 2 slices of pizza
 u - 3 beef jerkies
 F - a fruit


   Skills:
 + Level 6.1 Fighting
 * Level 8.6 Axes
 + Level 7.1 Armour
 + Level 5.1 Dodging
 + Level 7.9 Shields
 * Level 3.9 Invocations


You had 9 spell levels left.
You didn't know any spells.

Dungeon Overview and Level Annotations

Branches:
Dungeon (9/15)             Temple (1/1) D:6            Lair (1/6) D:9
    Orc: D:9-12

Altars:
Ashenzari
Cheibriados
Dithmenos
Elyvilon
Fedhas
Gozag
Hepliaklqana
Kikubaaqudgha
Makhleb
Nemelex Xobeh
Okawaru
Pakellas
Qazlal
Ru
Sif Muna
Trog
Uskayaw
Vehumet
Xom
Yredelemnul
Zin
The Shining One

Shops:
D:6 *

Annotations:
D:9 Prince Ribbit


Innate Abilities, Weirdness & Mutations

You are under a permanent stasis effect.
You can dig through walls and to a lower floor.
Your four strong arms can wield two-handed weapons with a shield.
You have a pair of large antennae on your head. (SInv)
You are robust. (+10% HP)
Your spells are a little harder to cast, but a little more powerful.


Message History

Press: ? - help, Dir - move target cursor The water moccasin appears confused.
You are starving!
You can no longer pass through a line of other dancers.
You hit the water moccasin.
The water moccasin is severely wounded.
You can now pass through a line of other dancers.
w - 2 scrolls of fog The water moccasin seems less confused.
You hear the faint crackling of a distant melting archway.
You can no longer pass through a line of other dancers.
You closely miss the black mamba. You block the black mamba's attack.
You miss the black mamba. You block the black mamba's attack.
You block the water moccasin's attack.
You hit the water moccasin.
The water moccasin is severely wounded.
You miss the black mamba. The black mamba bites you!
* * * LOW HITPOINT WARNING * * *
The black mamba bites you.
You die...

***,,*,**,*,****#+**,,,***,,,,,,,
,,,,,,,*******##.,**.#.# **,**+*,
*,,***** *..,*,#.⌠.#* ****,**
,,,** *.#**#.....** *,,* ,,,,*
#####.#*#.......#* **,* ,,,,*
#.....##.........** *,*
,,,******#....##.........,,***,*
,,,**#P.##..<#....#*...#,,,,*,,*
,,,**.......†#.S@##*.⌠.#**,,,*,*
,,,**.####..#..S####...##*,,,*,*
,,,+,,* #......#.#.....#**,,,**
,,,*,** *#.....⌠{....>..# *⌠,>*
,,,*** #.#[#...###.....# *,,,*
,,,*** ###.##..#*#....##**,,**
,+,*,** #.*#.$.*##.⌠.#**,,,*
*,,,,,* *#.*##...,,...S#,,,,*
****+** *,,,,##...,......,,***


You could see a black mamba and a water moccasin.

Vanquished Creatures
  A spriggan (D:8)
  A hungry ghost (D:8)
  A steam dragon (D:8)
  A hippogriff (D:8)
  2 water moccasins
  A porcupine (Lair:1)
  A sky beast (D:8)
  2 ice beasts
  A phantom (D:8)
  4 centaurs
  2 crocodiles (D:9)
  4 giant frogs
  2 scorpions
  4 killer bees (D:7)
  2 crimson imps
  2 centaur zombies (D:5)
  7 giant frog zombies
  2 jellies
  4 hounds
  10 orc wizards
  5 orc priests
  4 iguanas
  A hell rat (D:9)
  8 worker ants
  A hound zombie (D:5)
  2 hound skeletons (D:5)
  2 worker ant zombies
  A howler monkey skeleton (D:8)
  12 adders
  A river rat (D:9)
  2 shadow imps
  An ooze (D:1)
  4 adder zombies (D:5)
  3 worms
  5 giant geckos
  28 orcs
  5 giant cockroaches
  11 goblins
  8 hobgoblins
  8 jackals
  9 kobolds
  3 quokkas
  2 ball pythons (D:1)
  A ball python zombie (D:5)
  11 bats
  2 giant gecko skeletons
  A giant gecko zombie (D:9)
  2 giant newts
  A jackal skeleton (D:4)
  A quokka skeleton (D:5)
  6 rats
205 creatures vanquished.

Notes
Turn   | Place    | Note
--------------------------------------------------------------
     0 | D:1      | st0uf the Formicid Fighter began the quest for the Orb.
     0 | D:1      | Reached XP level 1. HP: 18/18 MP: 1/1
    47 | D:1      | Reached XP level 2. HP: 12/24 MP: 2/2
   459 | D:1      | Reached XP level 3. HP: 30/30 MP: 3/3
   928 | D:2      | Reached XP level 4. HP: 25/37 MP: 4/4
  1422 | D:3      | Found a hide-covered altar of Uskayaw.
  1425 | D:3      | Became a worshipper of Uskayaw the Reveler
  1502 | D:3      | Reached * piety under Uskayaw
  1505 | D:3      | Reached ** piety under Uskayaw
  1506 | D:3      | Reached *** piety under Uskayaw
  1523 | D:3      | Reached skill level 1 in Dodging
  1524 | D:3      | Reached **** piety under Uskayaw
  1525 | D:3      | Reached skill level 3 in Axes
  1577 | D:3      | Reached XP level 5. HP: 20/42 MP: 5/5
  1956 | D:3      | Found a radiant altar of Vehumet.
  1960 | D:3      | Found an opulent altar of Gozag.
  1960 | D:3      | Found a white marble altar of Elyvilon.
  1961 | D:3      | Found a stormy altar of Qazlal.
  2281 | D:3      | Found a hazy altar of Hepliaklqana.
  2407 | D:3      | Reached XP level 6. HP: 43/48 MP: 6/6
  3331 | D:4      | Reached skill level 4 in Axes
  3331 | D:4      | Reached XP level 7. HP: 41/54 MP: 7/7
  3390 | D:4      | Found a sparkling altar of Nemelex Xobeh.
  3515 | D:4      | Reached skill level 5 in Armour
  3566 | D:4      | Found a sacrificial altar of Ru.
  3714 | D:5      | Entered Level 5 of the Dungeon
  3950 | D:5      | Reached skill level 5 in Shields
  4221 | D:5      | Reached XP level 8. HP: 49/61 MP: 8/8
  4236 | D:5      | Reached skill level 5 in Axes
  4265 | D:5      | Found a bloodstained altar of Trog.
  4310 | D:5      | Found an opulent altar of Gozag.
  4449 | D:5      | Found a deep blue altar of Sif Muna.
  4516 | D:5      | Identified Sif Muna's Compendium of Lightness
  4657 | D:6      | Found an ancient bone altar of Kikubaaqudgha.
  4676 | D:6      | Found Robi's Assorted Antiques.
  4689 | D:6      | Bought a heavily runed scale mail for 252 gold pieces
  4689 | D:6      | Identified the cursed +1 scale mail "Rokhad" {Str+3} (You bought it in a shop on level 6 of the Dungeon)
  4871 | D:6      | Got a faintly humming leather armour
  4872 | D:6      | Identified the +1 leather armour of Sechegu {rElec rPois Regen+ Stlth+} (You found it on level 6 of the Dungeon)
  4936 | D:6      | Found a staircase to the Ecumenical Temple.
  5011 | D:6      | Reached skill level 6 in Axes
  5017 | D:6      | Reached skill level 5 in Fighting
  5620 | D:6      | Reached XP level 9. HP: 61/68 MP: 9/9
  5635 | Temple   | Entered the Ecumenical Temple
  5730 | D:7      | Reached ***** piety under Uskayaw
  6209 | D:7      | Reached skill level 1 in Invocations
  6264 | D:7      | Reached skill level 7 in Axes
  6864 | D:8      | Gained mutation: You are robust. (+10% HP) [mutagenic meat]
  6865 | D:8      | Gained mutation: Your spells are a little harder to cast, but a little more powerful. [potion of beneficial mutation]
  7030 | D:8      | Reached XP level 10. HP: 55/83 MP: 12/12
  7277 | D:9      | Reached skill level 8 in Axes
  7290 | D:9      | Found Jinakh's Jewellery Shoppe.
  7357 | D:9      | Noticed Prince Ribbit
  7370 | D:9      | Reached skill level 5 in Dodging
  7382 | D:9      | Found a staircase to the Lair.
  7404 | Lair:1   | Entered Level 1 of the Lair of Beasts
  7482 | Lair:1   | Noticed a six-headed hydra
  7499 | Lair:1   | Noticed a black mamba
  7508 | Lair:1   | HP: 1/83 [black mamba (9)]
  7508 | Lair:1   | Slain by a black mamba

Vault maps used:
D:1:      lightli_arrival_chessboard
D:2:      first_bread
D:3:      overflow_temple_1_default, grunt_temple_overflow_open
D:4:      kennysheep_little_box, kennysheep_mini, kennysheep_generic_room_8
D:5:      led_sif_book, serial_undead, serial_undead_f, serial_undead_d,
          serial_undead_d, serial_undead_b, basic_altar,
          nicolae_gozag_cash_rules_everything_around_me
D:6:      minmay_temple_entry_enclosed_plants, basic_altar, serial_shops,
          nicolae_shop_trees, kennysheep_generic_room_11
D:8:      the_bakery
D:9:      dpeg_lair_monsters, erik_orc_2, serial_shops, shop,
          uniq_prince_ribbit1
Temple:   circular_temple_13
Lair:1:   portal_ice_cave_entry_pillars_1, st_stairs_7, minmay_hedge_maze,
          beast_lair_carwin_6, grunt_megastairs_5, lemuel_fruit_tree

Skill      XL: |  1  2  3  4  5  6  7  8  9 10 |
---------------+-------------------------------+-----
Armour         | 4 5 6 7 |  7.1
Dodging        | 1 2 3 4 5 |  5.1
Axes           | 3 4 6 7 8 |  8.6
Shields        | 4 5 6 7 |  7.9
Fighting       | 4 5 6 |  6.1
Invocations    | 3 |  3.9

Action                   |  1- 3 |  4- 6 |  7- 9 | 10-12 || total
-------------------------+-------+-------+-------+-------++-------
Melee: War axe           |   102 |   197 |   388 |    93 ||   780
Invok: Line Pass         |       |       |     1 |     6 ||     7
 Abil: Dig               |       |       |     1 |     3 ||     4
Evoke: Wand              |       |       |       |     1 ||     1
  Use: Scroll            |       |     9 |     5 |     1 ||    15
       Potion            |       |       |     1 |       ||     1
 Stab: Paralysed         |       |     7 |    17 |    10 ||    34
       Distracted        |       |       |       |     1 ||     1
  Eat: Chunk             |       |     7 |    17 |     2 ||    26
       Fruit             |       |       |       |     2 ||     2
Armor: Scale mail        |    65 |    84 |   134 |    23 ||   306
Dodge: Dodged            |    35 |    65 |   162 |    43 ||   305
Block: Shield            |    55 |   112 |   221 |    52 ||   440
